SNL (28 & UNDER)
WEST VIRGINIA POWER @ GAINESVILLE GUIDOS
09/01/2027
 
TOP OF THE 1ST
West Virginia Power batting - Pitching for Gainesville Guidos : RHP John Jones
Pitching: RHP John Jones
Batting: RHB Pablo Sandoval 0-0: Ball
1-0: Fly out, F4 (Line Drive, 4)
Batting: LHB Héctor Cruz 0-0: Called Strike
0-1: Ball
1-1: Ball
2-1: Ball
3-1: DOUBLE (Line Drive, 9LM)
Pinch Runner at 2nd Brett Bell:
Batting: RHB Nick Harris 0-0: Called Strike
0-1: Swinging Strike
0-2: Ball
1-2: Foul Ball, location: 2F
1-2: Ball
2-2: Ball
3-2: Ground out 4-3 (Groundball, 4)
Brett Bell to third
Batting: RHB Gonzalo Gil 0-0: Called Strike
0-1: Foul Ball, location: 2F
0-2: Ball
1-2: Ball
2-2: Strikes out swinging
Top of the 1st over - 0 run(s), 1 hit(s), 0 error(s), 1 left on base; West Virginia 0 - Gainesville 0
BOTTOM OF THE 1ST
Gainesville Guidos batting - Pitching for West Virginia Power : RHP Chris Mitchell
Pitching: RHP Chris Mitchell
Now at C: Brett Bell
Batting: RHB Alfredo Díaz 0-0: Called Strike
0-1: Swinging Strike
0-2: Ball
1-2: Foul Ball, location: 2F
1-2: Foul Ball, location: 2F
1-2: Strikes out swinging, 2-3 out at first.
Batting: RHB Doug Coleman 0-0: Called Strike
0-1: Ball
1-1: Swinging Strike
1-2: SINGLE (Flyball, 8LS)
Batting: RHB Lynn Ford 0-0: Swinging Strike
0-1: SINGLE (Groundball, 56S) (infield hit)
Doug Coleman to second
Batting: RHB Kyle O'Day 0-0: Swinging Strike
0-1: Ball
1-1: Swinging Strike
1-2: Strikes out swinging
Batting: LHB Pedro Juárez 0-0: Ball
1-0: Foul Ball, location: 2F
1-1: Ball
2-1: Ball
3-1: Swinging Strike
3-2: Strikes out swinging, 2-3 out at first.
Bottom of the 1st over - 0 run(s), 2 hit(s), 0 error(s), 2 left on base; West Virginia 0 - Gainesville 0
TOP OF THE 2ND
West Virginia Power batting - Pitching for Gainesville Guidos : RHP John Jones
Batting: SHB Waylon Adams 0-0: Ball
1-0: Called Strike
1-1: Foul Ball, location: 2F
1-2: Strikes out swinging
Batting: LHB Héctor Soto 0-0: Ground out 4-3 (Groundball, 4)
Batting: LHB Ken Nelson 0-0: Foul Ball, location: 2F
0-1: Foul Ball, location: 2F
0-2: Ball
1-2: Foul Ball, location: 2F
1-2: Strikes out swinging
Top of the 2nd over - 0 run(s), 0 hit(s), 0 error(s), 0 left on base; West Virginia 0 - Gainesville 0
BOTTOM OF THE 2ND
Gainesville Guidos batting - Pitching for West Virginia Power : RHP Chris Mitchell
Batting: SHB Will Evans 0-0: Called Strike
0-1: Ball
1-1: Foul Ball, location: 2F
1-2: Ball
2-2: Ball
3-2: Foul Ball, location: 2F
3-2: Strikes out swinging
Batting: RHB Claudio Gonzáles 0-0: Ball
1-0: Ball
2-0: Swinging Strike
2-1: Fly out, F8 (Flyball, 8RD)
Batting: RHB Greg Lee 0-0: Foul Ball, location: 2F
0-1: Swinging Strike
0-2: Ball
1-2: Foul Ball, location: 2F
1-2: SINGLE (Line Drive, 4D)
Batting: RHB Iván Moreno 0-0: SINGLE (Line Drive, 4M)
Greg Lee to second
Batting: RHB Alfredo Díaz 0-0: Ball
1-0: Called Strike
1-1: Swinging Strike
1-2: Strikes out swinging
Bottom of the 2nd over - 0 run(s), 2 hit(s), 0 error(s), 2 left on base; West Virginia 0 - Gainesville 0
TOP OF THE 3RD
West Virginia Power batting - Pitching for Gainesville Guidos : RHP John Jones
Batting: RHB Blair Whitehead 0-0: Called Strike
0-1: Called Strike
0-2: Ball
1-2: Foul Ball, location: 2F
1-2: Strikes out swinging
Batting: RHB Javier Peña 0-0: Foul Ball, location: 2F
0-1: Swinging Strike
0-2: SINGLE (Line Drive, 56D)
Batting: RHB Pablo Sandoval 0-0: Ball
1-0: Foul Ball, location: 2F
1-1: Ball
2-1: Fly out, F9 (Flyball, 9LSF)
Batting: RHB Brett Bell 0-0: Ball
1-0: Ball
2-0: Foul Ball, location: 2F
2-1: Foul Ball, location: 2F
2-2: Fielders Choice at 2nd, 5-4 (Groundball, 56)
Top of the 3rd over - 0 run(s), 1 hit(s), 0 error(s), 0 left on base; West Virginia 0 - Gainesville 0
BOTTOM OF THE 3RD
Gainesville Guidos batting - Pitching for West Virginia Power : RHP Chris Mitchell
Batting: RHB Doug Coleman 0-0: Foul Ball, location: 2F
0-1: Ground out 6-3 (Groundball, 6)
Batting: RHB Lynn Ford 0-0: Ground out 4-3 (Groundball, 4)
Batting: RHB Kyle O'Day 0-0: Ball
1-0: Ball
2-0: Called Strike
2-1: Ball
3-1: Called Strike
3-2: Strikes out swinging
Bottom of the 3rd over - 0 run(s), 0 hit(s), 0 error(s), 0 left on base; West Virginia 0 - Gainesville 0
TOP OF THE 4TH
West Virginia Power batting - Pitching for Gainesville Guidos : RHP John Jones
Batting: RHB Nick Harris 0-0: Ground out 4-3 (Groundball, 4)
Batting: RHB Gonzalo Gil 0-0: Ball
1-0: Called Strike
1-1: Ball
2-1: Foul Ball, location: 2F
2-2: Strikes out swinging
Batting: SHB Waylon Adams 0-0: Ball
1-0: Called Strike
1-1: Called Strike
1-2: Ball
2-2: Ball
3-2: Strikes out swinging
Top of the 4th over - 0 run(s), 0 hit(s), 0 error(s), 0 left on base; West Virginia 0 - Gainesville 0
BOTTOM OF THE 4TH
Gainesville Guidos batting - Pitching for West Virginia Power : RHP Chris Mitchell
Batting: LHB Pedro Juárez 0-0: Ball
1-0: Ball
2-0: Fly out, F5 (Popup, 5D)
Batting: SHB Will Evans 0-0: Foul Ball, location: 2F
0-1: Swinging Strike
0-2: Ball
1-2: Strikes out swinging
Batting: RHB Claudio Gonzáles 0-0: Foul Ball, location: 2F
0-1: Foul Ball, location: 2F
0-2: Ball
1-2: Ball
2-2: Foul Ball, location: 2F
2-2: Ball
3-2: Strikes out swinging
Bottom of the 4th over - 0 run(s), 0 hit(s), 0 error(s), 0 left on base; West Virginia 0 - Gainesville 0
TOP OF THE 5TH
West Virginia Power batting - Pitching for Gainesville Guidos : RHP John Jones
Batting: LHB Héctor Soto 0-0: Called Strike
0-1: Ball
1-1: Swinging Strike
1-2: Foul Ball, location: 2F
1-2: Foul Ball, location: 2F
1-2: Foul Ball, location: 2F
1-2: Fly out, F7 (Flyball, 78D)
Batting: LHB Ken Nelson 0-0: Foul Ball, location: 2F
0-1: Foul Ball, location: 2F
0-2: Strikes out looking
Batting: RHB Blair Whitehead 0-0: Called Strike
0-1: Fly out, F7 (Flyball, 78S)
Top of the 5th over - 0 run(s), 0 hit(s), 0 error(s), 0 left on base; West Virginia 0 - Gainesville 0
BOTTOM OF THE 5TH
Gainesville Guidos batting - Pitching for West Virginia Power : RHP Chris Mitchell
Batting: RHB Greg Lee 0-0: Called Strike
0-1: SINGLE (Line Drive, 9S)
Batting: RHB Iván Moreno 0-0: Swinging Strike
0-1: Called Strike
0-2: Ball
1-2: Strikes out swinging
Batting: RHB Alfredo Díaz 0-0: Grounds into double play, 6-4-3 (Groundball, 6)
Bottom of the 5th over - 0 run(s), 1 hit(s), 0 error(s), 0 left on base; West Virginia 0 - Gainesville 0
TOP OF THE 6TH
West Virginia Power batting - Pitching for Gainesville Guidos : RHP John Jones
Batting: RHB Javier Peña 0-0: Ball
1-0: Ground out 6-3 (Groundball, 6)
Batting: RHB Pablo Sandoval 0-0: Foul Ball, location: 2F
0-1: Ball
1-1: Ball
2-1: Ball
3-1: Called Strike
3-2: SINGLE (Line Drive, 7S)
Batting: RHB Brett Bell 0-0: Called Strike
0-1: Ball
1-1: SINGLE (Flyball, 9LS)
Pablo Sandoval to second
Runner from 2nd tries for 3rd, SAFE, no throw
Batting: RHB Nick Harris 0-0: SINGLE (Line Drive, 4D)
Pablo Sandoval scores
Brett Bell to second
Batting: RHB Gonzalo Gil 0-0: Foul Ball, location: 2F
0-1: Foul Ball, location: 2F
0-2: Strikes out looking
Batting: SHB Waylon Adams 0-0: Called Strike
0-1: Called Strike
0-2: Ball
1-2: Foul Ball, location: 2F
1-2: Ball
2-2: Strikes out swinging
Top of the 6th over - 1 run(s), 3 hit(s), 0 error(s), 2 left on base; West Virginia 1 - Gainesville 0
BOTTOM OF THE 6TH
Gainesville Guidos batting - Pitching for West Virginia Power : RHP Chris Mitchell
Batting: RHB Doug Coleman 0-0: Called Strike
0-1: Foul Ball, location: 2F
0-2: Ball
1-2: Strikes out swinging
Batting: RHB Lynn Ford 0-0: Foul Ball, location: 2F
0-1: Ball
1-1: Called Strike
1-2: Strikes out looking
Batting: RHB Kyle O'Day 0-0: Fly out, F9 (Flyball, 89D)
Bottom of the 6th over - 0 run(s), 0 hit(s), 0 error(s), 0 left on base; West Virginia 1 - Gainesville 0
TOP OF THE 7TH
West Virginia Power batting - Pitching for Gainesville Guidos : RHP John Jones
Batting: LHB Héctor Soto 0-0: Ball
1-0: Ball
2-0: Ball
3-0: Called Strike
3-1: Called Strike
3-2: SINGLE (Flyball, 8RS)
Pitching: RHP Josh Higgins
Batting: LHB Ken Nelson 0-0: Ball
1-0: Bunted foul
1-1: Ball
2-1: Sac Bunt - play at first, batter OUT! 1-4
Héctor Soto to second
Batting: RHB Blair Whitehead 0-0: Ball
1-0: Ball
2-0: Foul Ball, location: 2F
2-1: Swinging Strike
2-2: Strikes out swinging
Batting: RHB Javier Peña 0-0: Ground out 5-3 (Groundball, 5S)
Top of the 7th over - 0 run(s), 1 hit(s), 0 error(s), 1 left on base; West Virginia 1 - Gainesville 0
BOTTOM OF THE 7TH
Gainesville Guidos batting - Pitching for West Virginia Power : RHP Chris Mitchell
Batting: LHB Pedro Juárez 0-0: Called Strike
0-1: Ball
1-1: Ball
2-1: Ground out U3 (Groundball, 3)
Batting: SHB Will Evans 0-0: Ball
1-0: Called Strike
1-1: Hit by Pitch
Batting: RHB Claudio Gonzáles 0-0: Ball
1-0: Ball
Will Evans steals 2nd base
2-0: Ball
3-0: Called Strike
3-1: Base on Balls
Batting: RHB Greg Lee 0-0: Ball
1-0: Foul Ball, location: 2F
1-1: Ball
2-1: Ball
3-1: Called Strike
3-2: SINGLE (Groundball, 6MD)
Will Evans to third
Claudio Gonzáles to second
Runner from 3rd tries for Home, SAFE, no throw
Pitching: RHP Aurelio Barrón
Pinch Runner at 2nd Mark McDonald:
Pinch Hitting: LHB Eddy Jefferson 0-0: Called Strike
0-1: Ball
1-1: Foul Ball, location: 2F
1-2: Ball
2-2: Ball
3-2: Foul Ball, location: 2F
3-2: SINGLE (Groundball, 4MD)
Mark McDonald to third
Greg Lee to second
Runner from 3rd tries for Home, SAFE, no throw
Batting: RHB Alfredo Díaz 0-0: Called Strike
0-1: Ball
1-1: 3-RUN HOME RUN (Flyball, 89XD), Distance : 403 ft
Batting: RHB Doug Coleman 0-0: Ball
1-0: Called Strike
1-1: Foul Ball, location: 2F
1-2: Foul Ball, location: 2F
1-2: Ball
2-2: Ground out 6-3 (Groundball, 6)
Batting: RHB Lynn Ford 0-0: Foul Ball, location: 2F
0-1: Ball
1-1: Ball
2-1: Ball
3-1: Base on Balls
Batting: RHB Kyle O'Day 0-0: Called Strike
0-1: Called Strike
0-2: Ball
1-2: Ball
2-2: Foul Ball, location: 2F
2-2: Foul Ball, location: 2F
2-2: Strikes out swinging
Bottom of the 7th over - 5 run(s), 3 hit(s), 0 error(s), 1 left on base; West Virginia 1 - Gainesville 5
TOP OF THE 8TH
West Virginia Power batting - Pitching for Gainesville Guidos : RHP Josh Higgins
Now at SS: Eddy Jefferson
Batting: RHB Pablo Sandoval 0-0: Called Strike
0-1: Swinging Strike
0-2: SINGLE (Line Drive, 78M)
Batting: RHB Brett Bell 0-0: Fly out, F5 (Line Drive, 5S)
Batting: RHB Nick Harris 0-0: Ball
1-0: Ball
2-0: Called Strike
2-1: Foul Ball, location: 2F
2-2: Ball
3-2: Ground out 5-3 (Groundball, 56S)
Pablo Sandoval to second
Batting: RHB Gonzalo Gil 0-0: Called Strike
0-1: Ground out 5-3 (Groundball, 5)
Top of the 8th over - 0 run(s), 1 hit(s), 0 error(s), 1 left on base; West Virginia 1 - Gainesville 5
BOTTOM OF THE 8TH
Gainesville Guidos batting - Pitching for West Virginia Power : RHP Aurelio Barrón
Batting: LHB Pedro Juárez 0-0: Called Strike
0-1: Ball
1-1: Foul Ball, location: 2F
1-2: Ball
2-2: Foul Ball, location: 2F
2-2: Fly out, F7 (Flyball, 7S)
Batting: SHB Will Evans 0-0: Ball
1-0: Ball
2-0: Called Strike
2-1: Ball
3-1: Base on Balls
Pitching: RHP Brad Flores
Batting: RHB Mark McDonald 0-0: Ball
1-0: Called Strike
Will Evans steals 2nd base
1-1: Foul Ball, location: 2F
1-2: SINGLE (Groundball, 34S) (infield hit)
Will Evans to third
Batting: RHB Greg Lee 0-0: Ball
Mark McDonald steals 2nd base
1-0: Called Strike
1-1: Ball
2-1: Ball
3-1: Swinging Strike
3-2: SINGLE (Line Drive, 9S)
Will Evans scores
Mark McDonald to third
Batting: LHB Eddy Jefferson 0-0: Foul Ball, location: 2F
0-1: Ball
1-1: Fielders Choice at 2nd, 6-4 (Groundball, 6)
Mark McDonald scores
Batting: RHB Alfredo Díaz 0-0: Ball
1-0: Called Strike
1-1: Foul Ball, location: 2F
1-2: Fly out, F7 (Flyball, 7S)
Bottom of the 8th over - 2 run(s), 2 hit(s), 0 error(s), 1 left on base; West Virginia 1 - Gainesville 7
TOP OF THE 9TH
West Virginia Power batting - Pitching for Gainesville Guidos : RHP Josh Higgins
Now at C: Scott Young
Batting: SHB Waylon Adams 0-0: Ball
1-0: Ball
2-0: Foul Ball, location: 2F
2-1: Foul Ball, location: 2F
2-2: Fly out, F7 (Flyball, 7)
Pitching: RHP Juan Mora
Batting: LHB Héctor Soto 0-0: Called Strike
0-1: Fly out, F9 (Flyball, 9LMF)
Batting: LHB Ken Nelson 0-0: Called Strike
0-1: Foul Ball, location: 2F
0-2: Strikes out swinging
Top of the 9th over - 0 run(s), 0 hit(s), 0 error(s), 0 left on base; West Virginia 1 - Gainesville 7
Thursday, March 30th, 2017 - OOTP Baseball 17.12 Build 75